SL
GREENVILLE 84S @ GRAFTON MIDDIES
08/01/2029
 
TOP OF THE 1ST
Greenville 84s batting - Pitching for Grafton Middies : LHP Luis Torres
Pitching: LHP Luis Torres
Batting: RHB Pablo Marrero 0-0: Called Strike
0-1: Swinging Strike
0-2: Foul Ball, location: 2F
0-2: Ball
1-2: Ground out 5-3 (Groundball, 56S)
Batting: SHB Jorge Barrios 0-0: Ball
1-0: Ball
2-0: Called Strike
2-1: Ball
3-1: Foul Ball, location: 2F
3-2: Base on Balls
Batting: RHB Jonathan Cook 0-0: Ball
1-0: 2-RUN HOME RUN (Line Drive, 9D), Distance : 377 ft
Batting: LHB Christian Blair 0-0: Ball
1-0: Ball
2-0: Ground out 3-1 (Groundball, 34)
Batting: LHB Herman Hayes 0-0: Foul Ball, location: 2F
0-1: Foul Ball, location: 2F
0-2: Ball
1-2: Strikes out looking
Top of the 1st over - 2 runs, 1 hit, 0 errors, 0 left on base; Greenville 2 - Grafton 0
BOTTOM OF THE 1ST
Grafton Middies batting - Pitching for Greenville 84s : RHP Sam Mooney
Pitching: RHP Sam Mooney
Batting: RHB Pedro Santos 0-0: Swinging Strike
0-1: Fly out, F9 (Flyball, 9S)
Batting: RHB Carlos Maldonado 0-0: Ball
1-0: Swinging Strike
1-1: SINGLE (Groundball, 6D)
Batting: LHB Mario Ramos 0-0: Ball
1-0: Called Strike
1-1: Fly out, F8 (Flyball, 8RD)
Batting: LHB Jorge Flores 0-0: Ball
1-0: Ball
2-0: Ball
3-0: Called Strike
3-1: Called Strike
3-2: Base on Balls
Carlos Maldonado to second
Batting: RHB Stefano Gaddi 0-0: Ball
1-0: Called Strike
1-1: Fielders Choice at 2nd, 5-4 (Groundball, 56)
Bottom of the 1st over - 0 runs, 1 hit, 0 errors, 2 left on base; Greenville 2 - Grafton 0
TOP OF THE 2ND
Greenville 84s batting - Pitching for Grafton Middies : LHP Luis Torres
Batting: RHB Juan García 0-0: Foul Ball, location: 2F
0-1: Called Strike
0-2: Foul Ball, location: 2F
0-2: Foul Ball, location: 2F
0-2: Ball
1-2: Strikes out swinging
Batting: RHB Rodrigo Lugo 0-0: Ball
1-0: Foul Ball, location: 2F
1-1: Fly out, F7 (Flyball, 7)
Batting: RHB Ramón Valdéz 0-0: Ball
1-0: Called Strike
1-1: Ball
2-1: Foul Ball, location: 2F
2-2: Ball
3-2: Base on Balls
Batting: RHB Thom Beach 0-0: Called Strike
0-1: Fly out, F7 (Flyball, 7D)
Top of the 2nd over - 0 runs, 0 hits, 0 errors, 1 left on base; Greenville 2 - Grafton 0
BOTTOM OF THE 2ND
Grafton Middies batting - Pitching for Greenville 84s : RHP Sam Mooney
Batting: RHB Cristo González 0-0: Called Strike
0-1: Called Strike
0-2: Ground out U3 (Groundball, 34S)
Batting: SHB Jack MacAsgill 0-0: Called Strike
0-1: Fly out, F9 (Line Drive, 9)
Batting: LHB John Meléndez 0-0: Fly out, F3 (Popup, 3SF)
Bottom of the 2nd over - 0 runs, 0 hits, 0 errors, 0 left on base; Greenville 2 - Grafton 0
TOP OF THE 3RD
Greenville 84s batting - Pitching for Grafton Middies : LHP Luis Torres
Batting: RHB Pablo Marrero 0-0: Swinging Strike
0-1: Ball
1-1: DOUBLE (Line Drive, 78M)
Batting: SHB Jorge Barrios 0-0: Foul Ball, location: 2F
0-1: Foul Ball, location: 2F
0-2: Foul Ball, location: 2F
0-2: Ball
1-2: Foul Ball, location: 2F
1-2: Fly out, F4 (Line Drive, 4)
Batting: RHB Jonathan Cook 0-0: Ball
1-0: Ball
2-0: Ball
3-0: Base on Balls
Batting: LHB Christian Blair 0-0: Called Strike
Pablo Marrero steals 3rd base
0-1: Foul Ball, location: 2F
0-2: Ball
1-2: Ball
2-2: Foul Ball, location: 2F
2-2: Ball
3-2: Base on Balls
Jonathan Cook to second
Batting: LHB Herman Hayes 0-0: Grounds into double play, 4-6-3 (Groundball, 4)
Top of the 3rd over - 0 runs, 1 hit, 0 errors, 2 left on base; Greenville 2 - Grafton 0
BOTTOM OF THE 3RD
Grafton Middies batting - Pitching for Greenville 84s : RHP Sam Mooney
Batting: LHB Phil MacNamara 0-0: Ball
1-0: SINGLE (Groundball, 34D)
Batting: RHB Pedro Santos 0-0: Fly out, F7 (Line Drive, 7)
Batting: RHB Carlos Maldonado 0-0: SINGLE (Line Drive, 78S)
Phil MacNamara to second
Batting: LHB Mario Ramos 0-0: Ball
1-0: Ball
2-0: Ball
3-0: Called Strike
3-1: Called Strike
3-2: SINGLE (Flyball, 9LS)
Phil MacNamara to third
Carlos Maldonado to second
Batting: LHB Jorge Flores 0-0: Ball
1-0: Called Strike
1-1: Ball
2-1: Foul Ball, location: 2F
2-2: Ball
3-2: SINGLE (Flyball, 78M)
Phil MacNamara scores
Carlos Maldonado to third
Mario Ramos to second
Runner from 3rd tries for Home, SAFE, no throw
Batting: RHB Stefano Gaddi 0-0: Ball
1-0: Ball
2-0: Foul Ball, location: 2F
2-1: Ball
3-1: Base on Balls
Mario Ramos to third
Jorge Flores to second
Batting: RHB Cristo González 0-0: SINGLE (Line Drive, 6MD)
Mario Ramos scores
Jorge Flores to third
Stefano Gaddi to second
Runner from 3rd tries for Home, SAFE, throw made home
Batting: SHB Jack MacAsgill 0-0: Foul Ball, location: 2F
0-1: Ball
1-1: Ball
2-1: Ball
3-1: Base on Balls
Stefano Gaddi to third
Cristo González to second
Batting: LHB John Meléndez 0-0: Ball
1-0: Ball
2-0: Ball
3-0: Base on Balls
Stefano Gaddi scores
Cristo González to third
Jack MacAsgill to second
Batting: LHB Phil MacNamara 0-0: Ball
1-0: Fly out, F6 (Line Drive, 6)
Batting: RHB Pedro Santos 0-0: Ball
1-0: Called Strike
1-1: Ball
2-1: Fly out, F9 (Flyball, 89S)
Bottom of the 3rd over - 5 runs, 5 hits, 0 errors, 3 left on base; Greenville 2 - Grafton 5
TOP OF THE 4TH
Greenville 84s batting - Pitching for Grafton Middies : LHP Luis Torres
Batting: RHB Juan García 0-0: Called Strike
0-1: Ball
1-1: Ball
2-1: Fly out, F8 (Flyball, 8LD)
Batting: RHB Rodrigo Lugo 0-0: Ball
1-0: Fly out, F7 (Flyball, 7S)
Batting: RHB Ramón Valdéz 0-0: Ball
1-0: Called Strike
1-1: Ball
2-1: Foul Ball, location: 2F
2-2: Ball
3-2: Strikes out swinging
Top of the 4th over - 0 runs, 0 hits, 0 errors, 0 left on base; Greenville 2 - Grafton 5
BOTTOM OF THE 4TH
Grafton Middies batting - Pitching for Greenville 84s : RHP Sam Mooney
Batting: RHB Carlos Maldonado 0-0: Ground out 6-3 (Groundball, 6)
Batting: LHB Mario Ramos 0-0: Ball
1-0: Fly out, F7 (Line Drive, 7)
Batting: LHB Jorge Flores 0-0: Ball
1-0: Called Strike
1-1: Swinging Strike
1-2: Ball
2-2: Foul Ball, location: 2F
2-2: Foul Ball, location: 2F
2-2: Ball
3-2: Foul Ball, location: 2F
3-2: Foul Ball, location: 2F
3-2: Fly out, F8 (Line Drive, 8LD)
Bottom of the 4th over - 0 runs, 0 hits, 0 errors, 0 left on base; Greenville 2 - Grafton 5
TOP OF THE 5TH
Greenville 84s batting - Pitching for Grafton Middies : LHP Luis Torres
Batting: RHB Thom Beach 0-0: SINGLE (Groundball, 6MD)
Batting: RHB Pablo Marrero 0-0: Ball
1-0: Bunted foul
1-1: Bunted foul
1-2: 2-RUN HOME RUN (Flyball, 7D), Distance : 393 ft
Batting: SHB Jorge Barrios 0-0: Ball
1-0: Foul Ball, location: 2F
1-1: Ball
2-1: Ball
3-1: Foul Ball, location: 2F
3-2: Foul Ball, location: 2F
3-2: Foul Ball, location: 2F
3-2: SINGLE (Groundball, 34D)
Batting: RHB Jonathan Cook 0-0: SINGLE (Groundball, 3) (infield hit)
Jorge Barrios to second
Batting: LHB Christian Blair 0-0: Called Strike
0-1: Foul Ball, location: 2F
0-2: Ball
1-2: Strikes out swinging
Batting: LHB Herman Hayes 0-0: Swinging Strike
0-1: Called Strike
0-2: Ball
1-2: Foul Ball, location: 2F
1-2: Ball
2-2: Strikes out swinging
Batting: RHB Juan García 0-0: Ball
1-0: Ground out 1-3 (Groundball, 13)
Top of the 5th over - 2 runs, 4 hits, 0 errors, 2 left on base; Greenville 4 - Grafton 5
BOTTOM OF THE 5TH
Grafton Middies batting - Pitching for Greenville 84s : RHP Sam Mooney
Batting: RHB Stefano Gaddi 0-0: Called Strike
0-1: Foul Ball, location: 2F
0-2: Ball
1-2: SINGLE (Groundball, 56D)
Batting: RHB Cristo González 0-0: Ball
1-0: Ball
2-0: Ball
3-0: Base on Balls
Stefano Gaddi to second
Batting: SHB Jack MacAsgill 0-0: Ball
1-0: Bunted foul
1-1: Reached on error, E1 (Groundball, 13S)
Stefano Gaddi to third
Cristo González to second
Batting: LHB John Meléndez 0-0: Fly out, F8 (Flyball, 8RM)
Runner from 3rd tags up, SCORES, throw made
Pitching: RHP Colijn de Goedere
Batting: LHB Phil MacNamara 0-0: SINGLE (Line Drive, 4MD)
Cristo González to third
Jack MacAsgill to second
Runner from 3rd tries for Home, SAFE, no throw
Batting: RHB Pedro Santos 0-0: Fielders Choice at 2nd, 1-4 (Groundball, 15S)
Jack MacAsgill to third
Batting: RHB Carlos Maldonado 0-0: Called Strike
0-1: Swinging Strike
0-2: Fielders Choice at 2nd, 6-4 (Groundball, 6)
Bottom of the 5th over - 2 runs, 2 hits, 1 error, 2 left on base; Greenville 4 - Grafton 7
TOP OF THE 6TH
Greenville 84s batting - Pitching for Grafton Middies : LHP Luis Torres
Batting: RHB Rodrigo Lugo 0-0: Ball
1-0: Foul Ball, location: 2F
1-1: Hit by Pitch
Batting: RHB Ramón Valdéz 0-0: Ball
1-0: Called Strike
1-1: Called Strike
1-2: Ball
2-2: Fly out, F7 (Flyball, 7D)
Runner from 1st tags up, SAFE at 2nd
Batting: RHB Thom Beach 0-0: Ground out 4-3 (Groundball, 4MS)
Rodrigo Lugo to third
Batting: RHB Pablo Marrero 0-0: Ball
1-0: Foul Ball, location: 2F
1-1: Ball
2-1: Ball
3-1: Called Strike
3-2: Foul Ball, location: 2F
3-2: Ground out 6-3 (Groundball, 6S)
Top of the 6th over - 0 runs, 0 hits, 0 errors, 1 left on base; Greenville 4 - Grafton 7
BOTTOM OF THE 6TH
Grafton Middies batting - Pitching for Greenville 84s : RHP Colijn de Goedere
Batting: LHB Mario Ramos 0-0: SINGLE (Groundball, 6MD)
Batting: LHB Jorge Flores 0-0: Foul Ball, location: 2F
0-1: Ball
1-1: Foul Ball, location: 2F
1-2: Ball
2-2: 2-RUN HOME RUN (Line Drive, 89XD), Distance : 400 ft
Batting: RHB Stefano Gaddi 0-0: Ball
1-0: Called Strike
1-1: Ground out 1-3 (Groundball, P)
Batting: RHB Cristo González 0-0: Ball
1-0: Called Strike
1-1: Ball
2-1: SINGLE (Flyball, 89S)
Batting: SHB Jack MacAsgill 0-0: Called Strike
0-1: Ground out U3 (Groundball, 34)
Cristo González to second
Batting: LHB John Meléndez 0-0: Called Strike
0-1: Ball
1-1: Swinging Strike
1-2: Ball
2-2: SINGLE (Groundball, 56D)
Cristo González to third
Runner from 3rd tries for Home, throw and OUT!
Bottom of the 6th over - 2 runs, 4 hits, 0 errors, 1 left on base; Greenville 4 - Grafton 9
TOP OF THE 7TH
Greenville 84s batting - Pitching for Grafton Middies : LHP Luis Torres
Pitching: RHP Bob Browning
Batting: SHB Jorge Barrios 0-0: Called Strike
0-1: Foul Ball, location: 2F
0-2: Ball
1-2: Foul Ball, location: 2F
1-2: Ball
2-2: Foul Ball, location: 2F
2-2: Ball
3-2: SOLO HOME RUN (Line Drive, 9D), Distance : 386 ft
Batting: RHB Jonathan Cook 0-0: Called Strike
0-1: Ball
1-1: Called Strike
1-2: Foul Ball, location: 2F
1-2: Ball
2-2: Ball
3-2: Fly out, F7 (Line Drive, 7LD)
Batting: LHB Christian Blair 0-0: Ball
1-0: SINGLE (Line Drive, 78M)
Batting: LHB Herman Hayes 0-0: Foul Ball, location: 2F
0-1: Foul Ball, location: 2F
0-2: Ball
1-2: Ball
2-2: Strikes out swinging
Batting: RHB Juan García 0-0: Foul Ball, location: 2F
0-1: Ball
1-1: Ball
2-1: Ball
3-1: Base on Balls
Christian Blair to second
Pitching: RHP Francis Cahill
Batting: RHB Rodrigo Lugo 0-0: Ball
1-0: Ball
2-0: Swinging Strike
Passed Ball!
Christian Blair to third
Juan García to second
2-1: Called Strike
2-2: Strikes out swinging
Top of the 7th over - 1 run, 2 hits, 0 errors, 2 left on base; Greenville 5 - Grafton 9
BOTTOM OF THE 7TH
Grafton Middies batting - Pitching for Greenville 84s : RHP Colijn de Goedere
Batting: LHB Phil MacNamara 0-0: Ball
1-0: Swinging Strike
1-1: Called Strike
1-2: Foul Ball, location: 2F
1-2: Ball
2-2: Foul Ball, location: 2F
2-2: Ball
3-2: Ground out 4-3 (Groundball, 4M)
Batting: RHB Pedro Santos 0-0: Called Strike
0-1: Called Strike
0-2: DOUBLE (Flyball, 89XD)
Batting: RHB Carlos Maldonado 0-0: Ball
1-0: Ball
2-0: Foul Ball, location: 2F
2-1: SINGLE (Line Drive, 56D)
Pedro Santos to third
Pitching: LHP Ernest Torres
Batting: LHB Mario Ramos 0-0: Foul Ball, location: 2F
0-1: Swinging Strike
0-2: Foul Ball, location: 2F
0-2: Ball
1-2: Ball
2-2: Strikes out swinging
Batting: LHB Jorge Flores 0-0: Called Strike
0-1: SINGLE (Groundball, 6MD)
Pedro Santos scores
Carlos Maldonado to second
Pitching: RHP Theodore Urban
Batting: RHB Stefano Gaddi 0-0: Ball
1-0: Ball
2-0: Foul Ball, location: 2F
2-1: Foul Ball, location: 2F
2-2: Fielders Choice at 2nd, 6-4 (Groundball, 6)
Bottom of the 7th over - 1 run, 3 hits, 0 errors, 2 left on base; Greenville 5 - Grafton 10
TOP OF THE 8TH
Greenville 84s batting - Pitching for Grafton Middies : RHP Francis Cahill
Batting: RHB Ramón Valdéz 0-0: Ground out 6-3 (Groundball, 6)
Batting: RHB Thom Beach 0-0: Ball
1-0: Ground out 6-3 (Groundball, 6M)
Batting: RHB Pablo Marrero 0-0: Called Strike
0-1: Ground out 5-3 (Groundball, 5)
Top of the 8th over - 0 runs, 0 hits, 0 errors, 0 left on base; Greenville 5 - Grafton 10
BOTTOM OF THE 8TH
Grafton Middies batting - Pitching for Greenville 84s : RHP Theodore Urban
Batting: RHB Cristo González 0-0: Called Strike
0-1: Ball
1-1: Ball
2-1: Ball
3-1: Base on Balls
Batting: SHB Jack MacAsgill 0-0: Ball
1-0: Fly out, F8 (Flyball, 8RM)
Batting: LHB John Meléndez 0-0: Called Strike
0-1: Ball
1-1: Fielders Choice at 2nd, 2-4 (Groundball, 2L)
Batting: LHB Phil MacNamara 0-0: Ball
1-0: Fly out, F9 (Flyball, 9LS)
Bottom of the 8th over - 0 runs, 0 hits, 0 errors, 1 left on base; Greenville 5 - Grafton 10
TOP OF THE 9TH
Greenville 84s batting - Pitching for Grafton Middies : RHP Francis Cahill
Batting: SHB Jorge Barrios 0-0: Ball
1-0: Foul Ball, location: 2F
1-1: SINGLE (Flyball, 7S)
Batting: RHB Jonathan Cook 0-0: Foul Ball, location: 2F
0-1: Ball
1-1: Ball
2-1: Grounds into double play, 6-4-3 (Groundball, 6)
Batting: LHB Christian Blair 0-0: Ground out 4-3 (Groundball, 4)
Top of the 9th over - 0 runs, 1 hit, 0 errors, 0 left on base; Greenville 5 - Grafton 10
Tuesday, December 19th, 2017 - OOTP Baseball 18.8 Build 76